AoeStats
← Juanfreelance

Arabia

508141825Analyzed
2v2 RM · 11d ago on Sep 21, 2026· 36m 2s· 4 players
Game mode
Random Map
Map size
Medium (4 player)
Population
200
Speed
Normal
Resources
Standard
Victory
Conquest
Starting age
Dark Age
Ending age
Imperial Age
RankedLock teamsTeams togetherTeam positionsShared explorationLock speedFull tech treeHidden civsTurbo modeCheats
Victory
Defeat
🇵🇦 Persians · Panama
1245
+15
🇦🇷 Maya · Argentina
1209
+17
🇨🇱 Goths · Chile
1218
-16
🇨🇱 Mongols · Chile
1217
-16
[Tps] Legio
0:27 Loom
9:58 Feudal Age
10:57 Double-Bit Axe
15:42 Town Watch
15:51 Fletching
16:47 Padded Archer Armor
19:58 Wheelbarrow
24:55 Castle Age
23:32 Scale Mail Armor
23:42 Forging
23:57 Gold Mining
26:14 Chain Mail Armor
26:10 Squires
27:08 Eagle Warrior
29:12 Arson
29:49 Bow Saw
29:22 Horse Collar
31:14 Iron Casting
Juanfreelance
6:15 Loom
9:12 Feudal Age
9:42 Double-Bit Axe
9:39 Horse Collar
21:44 Castle Age
19:59 Forging
19:54 Scale Barding Armor
19:52 Gold Mining
21:01 Bloodlines
23:15 Husbandry
23:58 Chain Barding Armor
30:27 Wheelbarrow
31:24 Iron Casting
33:59 Hand Cart
33:55 Bow Saw
Jam Cat
0:29 Loom
10:15 Feudal Age
10:33 Man-at-Arms
11:28 Double-Bit Axe
16:37 Fletching
21:32 Wheelbarrow
24:33 Castle Age
23:26 Scale Mail Armor
23:20 Stone Mining
26:58 Pikeman
30:50 Chain Mail Armor
30:47 Forging
31:11 Squires
sibus
5:15 Loom
8:36 Feudal Age
9:49 Double-Bit Axe
11:25 Horse Collar
17:24 Wheelbarrow
20:39 Castle Age
19:37 Fletching
19:57 Bloodlines
20:11 Gold Mining
21:24 Bodkin Arrow
24:07 Padded Archer Armor
25:18 Husbandry
26:02 Ballistics
28:21 Leather Archer Armor
28:12 Thumb Ring
30:25 Masonry
Connection lost

Rejoining the realm…

Still unreachable

The connection could not be restored.

Session expired

The server has moved on; the page needs a fresh start.